 Dungeon Sprint DCSS version 0.26-a0-652-gafc20e3620 (webtiles) character file.

Game seed: 2817995182766480134

6904 sahdkjhfkaj the Grappler (level 10, -2/159 HPs)
             Began as a Troll Monk on Oct 3, 2020.
             Slain by a vampire mage (5 damage)
             ... in the Dungeon (Sprint V: "Ziggurat Sprint").
             The game lasted 00:03:21 (617 turns).

sahdkjhfkaj the Grappler (Troll Monk)                Turns: 617, Time: 00:03:21

Health: -2/159     AC: 33    Str: 30    XL:     10   Next: 79%
Magic:  9/9        EV:  3    Int:  6    God:
Gold:   0          SH: 31    Dex: 16    Spells: 9/9 levels left

rFire    + . .     SeeInvis .     - Unarmed
rCold    + . .     Faith    .   s - +18 shield of the Gong {rElec rN+ MR+ EV-5}
rNeg     + . .     Spirit   .   E - +5 gold dragon scales
rPois    +         Reflect  .   (helmet restricted)
rElec    +         Harm     .   (no cloak)
rCorr    .         Rampage  .   (gloves unavailable)
MR       +....     NoTele   +   (boots unavailable)
Stlth    ..........             F - amulet "Waixkiq" {+Blink Regen+ Dex+4}
HPRegen  1.16/turn              z - +6 ring of strength
MPRegen  0.11/turn              H - ring of Robustness {AC+8}

@: berserking, lightly drained, very quick
A: large, unfitting armour, claws 3, regeneration 1, shaggy fur 1, tough skin 3
a: Evoke Blink


You were in the Dungeon.
You visited 1 branch

Inventory:

Armour
 s - the +18 shield of the Gong (worn) {rElec rN+ MR+ EV-5}
   (You found it in the Dungeon)

   It affects your evasion (-5).
   It insulates you from electricity.
   It protects you from negative energy.
   It affects your resistance to hostile enchantments.
 E - +5 gold dragon scales (worn)
Jewellery
 t - an uncursed ring of flight
 u - a +6 ring of dexterity
 v - a +6 ring of dexterity
 w - a +6 ring of intelligence
 x - a +6 ring of intelligence
 y - a +6 ring of strength
 z - a +6 ring of strength (left claw)
 F - the amulet "Waixkiq" (around neck) {+Blink Regen+ Dex+4}
   (You found it in the Dungeon)

   [amulet of regeneration]

   It affects your dexterity (+4).
   It lets you blink.
   It increases your rate of regeneration.
 H - the ring of Robustness (right claw) {AC+8}
   (You found it in the Dungeon)

   [ring of protection]

   It affects your AC (+8).
Wands
 A - a wand of disintegration (7)
 B - a wand of iceblast (7)
 C - a wand of acid (7)
Scrolls
 g - 4 scrolls of blinking
 k - 4 scrolls of amnesia
 n - 7 scrolls of fog
 o - a scroll of holy word
 p - 5 scrolls of identify
 q - 5 scrolls of remove curse
 r - 2 scrolls of fear
Potions
 b - 10 potions of curing
 c - 9 potions of heal wounds
 d - 10 potions of haste
 e - 7 potions of magic
 f - 2 potions of berserk rage
 h - 2 potions of brilliance
 i - 2 potions of invisibility
 j - 4 potions of resistance
 l - 5 potions of stabbing
 m - 5 potions of might
Miscellaneous
 a - a phantom mirror
 D - a lightning rod (4/4)
 G - a condenser vane (2/2)


   Skills:
 - Level 8.4(8.1) Fighting
 - Level 8.0(7.7) Armour
 - Level 8.4(8.2) Dodging
 - Level 1.0(0.8) Stealth
 - Level 11.2(10.9) Shields
 - Level 14.8(14.5) Unarmed Combat
 + Level 3.5(3.3) Evocations


You had 9 spell levels left.
You didn't know any spells.
Your spell library was empty.

Dungeon Overview and Level Annotations

Branches:
Dungeon (1/1)

Altars:
Ashenzari
Cheibriados
Dithmenos
Elyvilon
Fedhas
Gozag
Hepliaklqana
Kikubaaqudgha
Makhleb
Nemelex Xobeh
Okawaru
Qazlal
Ru
Sif Muna
Trog
Uskayaw
Vehumet
Wu Jian
Xom
Yredelemnul
Zin
The Shining One
Beogh
Jiyva
Lugonu

Annotations:
D 1 transporter


Innate Abilities, Weirdness & Mutations

You are too large for most types of armour.
You have claws for hands.
Your natural rate of healing is unusually fast.
You are covered in fur. (AC +1)
You have extremely tough skin. (AC +3)


Message History

The vampire mage casts a spell.
The vampire mage flickers and vanishes!
Deactivating autopickup; reactivate with Ctrl-A.
The wight hits you but does no damage. You block something's attack.
BOUMMMMG!
Something bites you!
* * * LOW HITPOINT WARNING * * *
Something draws strength from your injuries!
You closely miss something. Something hits you!!
* * * LOW HITPOINT WARNING * * *
You block something's attack.
GONNNNG!
The shadow strikes at you from the darkness!
BOUMMMMG!
Unknown command.
You mangle something!! You block the shadow's attack.
BONNNG!
The necrophage hits you but does no damage.
Something hits you.
You die...

▓▓▓▓▓▓▓▓▓▓▓▓▓▓▓▓▓▓▓
▓...8©8...▓...8©8...▓
▓..))|.)..▓..).))...▓
▓..}[))[..▓...))?...▓
▓.........▓.........▓
▓.........▓...).....▓
▓....Z....▓...)).|..▓
▓...W{n...▓.....)...▓
▓...z@{...▓.▓.....▓.▓
▓.▓.{.{.▓.▓....©....▓
▓....©....▓▓▓▓▓▓▓▓▓▓▓
▓▓▓▓▓▓▓▓▓▓▓


You could see a necrophage, a shadow, a wight and a quokka skeleton.

Vanquished Creatures
  A skeletal warrior (D)
  A shining eye (D)
  A cyclops (D)
  2 black mambas (D)
  A naga mage (D)
  A hellwing (D)
  2 hornets (D)
  3 merfolk (D)
  A slime creature (D)
  2 hippogriffs (D)
  6 spriggans (D)
  An ushabti (D)
  2 chaos spawn (D)
  2 nagas (D)
  2 water moccasins (D)
  A floating eye (D)
  A porcupine (D)
  4 black bears (D)
  4 wolves (D)
  4 jellies (D)
  3 iguanas (D)
  2 mummies (D)
  2 adders (D)
  A shadow imp (D)
  2 white imps (D)
  2 ball pythons (D)
  A bat zombie (D)
  2 jackals (D)
57 creatures vanquished.

Vanquished Creatures (others)
  An adder (D)
1 creature vanquished.

Grand Total: 58 creatures vanquished

Notes
Turn   | Place    | Note
-------+----------+-------------------------------------------
     0 | D        | sahdkjhfkaj the Troll Monk began the quest for the Orb.
     0 | D        | Reached XP level 1. HP: 22/22 MP: 0/0
     0 | D        | Found a shimmering blue altar of Sif Muna.
     0 | D        | Found a sacrificial altar of Ru.
     0 | D        | Found a bloodstained altar of Trog.
     0 | D        | Found a stormy altar of Qazlal.
     0 | D        | Found an iron altar of Okawaru.
     0 | D        | Found a sparkling altar of Nemelex Xobeh.
     0 | D        | Found a blossoming altar of Fedhas.
     1 | D        | Found the +6 Majin-Bo {vamp, MP+6 Int+6}
     1 | D        | Found the +9 heavy crossbow "Sniper" {vorpal, Acc+∞ SInv}
     1 | D        | Found the +10 dark maul {vorpal}
     1 | D        | Found the +15 Maxwell's patent armour {-Cast -Tele rElec
                  | MR+ rCorr}
     1 | D        | Found the +18 shield of the Gong {rElec rN+ MR+ EV-5}
     1 | D        | Found the cursed +14 obsidian axe {vorpal, +Fly SInv
                  | *Curse}
     1 | D        | Found the +7 great mace "Firestarter" {inner flame, rF++}
     1 | D        | Found the +6 shillelagh "Devastator" {shatter}
     1 | D        | Found the +11 plutonium sword {*Contam Stlth-}
     1 | D        | Found the +8 lance "Wyrmbane" {slay drac, rPois rF+ rC+
                  | AC+3}
     1 | D        | Found the +9 sword of Zonguldrok {reap}
     1 | D        | Found the cursed +13 scythe of Curses {drain, *Curse}
     1 | D        | Found the +0 sword of Power
     1 | D        | Found the +7 mace of Variability {chain chaos}
     1 | D        | Found the +7 Singing Sword {vorpal, sonic wave}
     1 | D        | Found the +8 storm bow {elec, penet}
     2 | D        | Reached skill level 8 in Unarmed Combat
     2 | D        | Reached XP level 2. HP: 29/29 MP: 1/1
     3 | D        | Found a transporter.
     3 | D        | Found an ancient bone altar of Kikubaaqudgha.
     3 | D        | Found a viscous altar of Jiyva.
     3 | D        | Found a corrupted altar of Lugonu.
     3 | D        | Found a hazy altar of Hepliaklqana.
     3 | D        | Found a burning altar of Makhleb.
     3 | D        | Found an opulent altar of Gozag.
    61 | D        | Entered arena 2.
    61 | D        | Found a transporter.
    64 | D        | Reached skill level 1 in Shields
    64 | D        | Reached XP level 3. HP: 36/36 MP: 2/2
    69 | D        | Reached skill level 1 in Armour
    75 | D        | Entered arena 3.
    75 | D        | Noticed an ushabti
    75 | D        | Found a transporter.
    84 | D        | Killed an ushabti
    84 | D        | Reached skill level 9 in Unarmed Combat
    84 | D        | Reached XP level 4. HP: 36/48 MP: 3/3
    84 | D        | Reached XP level 5. HP: 41/54 MP: 4/4
   108 | D        | Entered arena 4.
   108 | D        | Noticed a wolf
   108 | D        | Noticed a spriggan
   108 | D        | Noticed a black bear
   108 | D        | Noticed a black bear
   108 | D        | Found a transporter.
   109 | D        | Identified the +6 hand axe of Certain Death {vorpal, Str+3
                  | Stlth+}
   113 | D        | Killed a black bear
   113 | D        | Reached skill level 5 in Shields
   113 | D        | Reached skill level 10 in Unarmed Combat
   113 | D        | Reached XP level 6. HP: 47/63 MP: 5/5
   128 | D        | Killed a spriggan
   134 | D        | Reached skill level 5 in Dodging
   134 | D        | Reached XP level 7. HP: 30/71 MP: 6/6
   137 | D        | Reached skill level 5 in Fighting
   137 | D        | Reached skill level 11 in Unarmed Combat
   207 | D        | Entered arena 5.
   207 | D        | Found a transporter.
   230 | D        | Entered arena 6.
   230 | D        | Found a transporter.
   249 | D        | Entered arena 7.
   249 | D        | Noticed a chaos spawn
   249 | D        | Noticed a hellwing
   249 | D        | Noticed a chaos spawn
   250 | D        | Found the +4 dagger "Morg" {pain, MR+ Int+5}
   250 | D        | Found a transporter.
   254 | D        | Killed a hellwing
   254 | D        | Reached skill level 5 in Armour
   254 | D        | Reached XP level 8. HP: 83/83 MP: 7/7
   266 | D        | Reached skill level 12 in Unarmed Combat
   282 | D        | Got the amulet "Waixkiq" {+Blink Regen+ Dex+4}
   289 | D        | Entered arena 8.
   289 | D        | Noticed a merfolk
   289 | D        | Noticed a merfolk
   289 | D        | Noticed a hippogriff
   289 | D        | Noticed a cyclops
   289 | D        | Noticed a merfolk
   289 | D        | Noticed a hippogriff
   290 | D        | Identified the +6 hand axe of Suicidal Tendencies {flame,
                  | rElec Int+4}
   290 | D        | Found a transporter.
   295 | D        | Killed a hippogriff
   303 | D        | Killed a merfolk
   307 | D        | Killed a hippogriff
   307 | D        | Reached XP level 9. HP: 69/92 MP: 8/8
   312 | D        | Killed a cyclops
   333 | D        | Killed a merfolk
   333 | D        | Reached skill level 13 in Unarmed Combat
   335 | D        | Killed a merfolk
   372 | D        | Entered arena 9.
   372 | D        | Noticed a shining eye
   373 | D        | Found the +12 glaive of Prune {vorpal}
   373 | D        | Found a transporter.
   376 | D        | Paralysed by a floating eye for 2 turns
   385 | D        | Killed a shining eye
   405 | D        | Entered arena 10.
   405 | D        | Noticed a black mamba
   405 | D        | Noticed a black mamba
   405 | D        | Noticed a naga mage
   406 | D        | Found a transporter.
   409 | D        | Killed a black mamba
   409 | D        | Reached skill level 10 in Shields
   412 | D        | Killed a black mamba
   412 | D        | Reached skill level 14 in Unarmed Combat
   412 | D        | Reached XP level 10. HP: 97/104 MP: 9/9
   431 | D        | Killed a naga mage
   468 | D        | Entered arena 11.
   468 | D        | Noticed a spriggan rider
   468 | D        | Noticed a spriggan rider
   469 | D        | Found the ring of Robustness {AC+8}
   469 | D        | Identified the +1 hand crossbow of Annihilation {elec,
                  | rPois Int+4}
   469 | D        | Found a transporter.
   595 | D        | Entered arena 12.
   595 | D        | Noticed a skeletal warrior
   595 | D        | Noticed a vampire knight
   595 | D        | Noticed a vampire mage
   596 | D        | Noticed a vampire mage
   596 | D        | Identified the cursed +1 war axe of Arageji {flame, +Rage
                  | MR- Str+3 Int+8}
   597 | D        | Found the +7 captain's cutlass {speed, disarm}
   600 | D        | Found a transporter.
   603 | D        | Killed a skeletal warrior
   616 | D        | HP: 3/159 [something (19)]
   617 | D        | Slain by a vampire mage

Illustrated notes

Levels and vault maps discovered:
D:        sprint_v [room_start, room_1, room_2, room_3, room_4, room_5, room_6,
          room_7, room_8, room_9, room_10, room_11, room_12, room_13, room_14,
          room_15, room_16, room_17, room_18, room_19, room_20, room_21,
          room_22, room_23, room_24, room_25, room_26, room_27]

Skill      XL: |  1  2  3  4  5  6  7  8  9 10 |
---------------+-------------------------------+-----
Unarmed Combat | 8 9 10 11 12 14 | 14.8
Shields        | 1 4 5 6 7 8 10 11 | 11.2
Fighting       | 3 4 5 6 7 8 |  8.4
Armour         | 2 3 4 5 6 7 8 |  8.0
Dodging        | 3 4 5 6 7 8 |  8.4
Evocations     | 3 |  3.5
Stealth        | |  1.0

Action                   |  1- 3 |  4- 6 |  7- 9 | 10-12 || total
-------------------------+-------+-------+-------+-------++-------
Melee: Unarmed           |    14 |    32 |   115 |    45 ||   206
Evoke: Condenser vane    |       |       |       |     1 ||     1
  Use: Potion            |     1 |       |       |     2 ||     3
Armor: Gold dragon scale |     3 |    37 |    57 |    47 ||   144
Dodge: Dodged            |       |       |     4 |     3 ||     7
Block: Kite shield       |    13 |    69 |   208 |    98 ||   388

Table legend: (Time is in decaauts)
 A = Elapsed time spent in this place.
 B = Non-inter-level travel time spent in this place.
 C = Inter-level travel time spent in this place.
 D = Time resting spent in this place.
 E = Time spent auto-exploring this place.
 F = Levels seen in this place.
 G = Mean time per level.
                   A        B        C        D        E       F      G
               +--------+--------+--------+--------+--------+-----+--------+
         Total |    571 |    571 |      0 |    237 |      0 |   1 |  571.0 |
       Dungeon |    571 |    571 |      0 |    237 |      0 |   1 |  571.0 |
               +--------+--------+--------+--------+--------+-----+--------+

Top non-repeatable levels by time:
       D: 571 daAuts
